 Dungeon Crawl Stone Soup version 0.21.1-1-g345015fe64 (webtiles) character file.

771 Loge the Changer (level 7, -3/52 HPs)
             Began as a White Draconian Transmuter on July 16, 2018.
             Was an Initiate of Makhleb.
             Slain by an ogre
             ... wielding a +0 giant spiked club
              (26 damage)
             ... on level 5 of the Dungeon.
             The game lasted 00:16:27 (6127 turns).

Loge the Changer (White Draconian Transmuter)       Turns: 6127, Time: 00:16:28

Health: -3/52      AC:  2    Str: 13    XL:     7   Next: 53%
Magic:  7/10       EV: 19    Int: 15    God:    Makhleb [......]
Gold:   168        SH:  0    Dex: 16    Spells: 5/11 levels left

rFire    . . .     SeeInvis .     - Unarmed
rCold    . . .     Gourm    .   (shield currently unavailable)
rNeg     . . .     Faith    .   (armour unavailable)
rPois    x         Spirit   .   (helmet currently unavailable)
rElec    .         Reflect  .   (cloak currently unavailable)
rCorr    .         Harm     .   (gloves currently unavailable)
MR       .....                  (boots currently unavailable)
Stlth    +.........             (no amulet)
HPRegen  0.17/turn              (no ring)
MPRegen  0.12/turn              (no ring)

@: spider-form
A: tiny, (breathe frost), unfitting armour, AC +6
a: End Transformation, Renounce Religion


You were on level 5 of the Dungeon.
You worshipped Makhleb.
Makhleb was noncommittal.
You were not hungry.
You were a venomous arachnid creature.
You visited 2 branches of the dungeon, and saw 6 of its levels.

You collected 168 gold pieces.

Inventory:

Hand Weapons
 E - a +0 blowgun
Missiles
 a - 40 arrows
 i - 93 stones (quivered)
 z - 7 curare-tipped needles
 D - 22 poisoned needles
Armour
 o - a +0 pair of gloves (melded)
 r - a +0 pair of boots (melded)
 v - a +0 buckler
Magical Staves
 y - an uncursed staff of conjuration {unknown}
Jewellery
 n - an uncursed ring of protection from cold {unknown}
 s - an uncursed ring of magical power {unknown}
Wands
 p - a wand of enslavement (19)
 A - a wand of polymorph (14)
Scrolls
 d - 3 scrolls of teleportation {unknown}
 g - 2 scrolls of enchant armour {unknown}
 h - 3 scrolls of identify {unknown}
 k - a scroll of fog {unknown}
 l - a scroll of blinking {unknown}
 t - a scroll of noise {unknown}
 u - a scroll of amnesia {unknown}
 w - a scroll of enchant weapon {unknown}
Potions
 e - 2 potions of might {unknown}
 f - 2 potions of heal wounds {unknown}
 j - 2 potions of brilliance {unknown}
 m - 3 potions of resistance {unknown}
 q - a potion of agility {unknown}
 x - a potion of curing {unknown}
 B - a potion of berserk rage {unknown}
 C - a potion of lignification {unknown}
Books
 b - a book of Changes

   Spells                             Type                      Level
   a - Beastly Appendage              Transmutation                1
   b - Sticks to Snakes               Transmutation                2
   c - Spider Form                    Transmutation/Poison         3
   d - Ice Form                       Ice/Transmutation            4
   e - Blade Hands                    Transmutation                5
Comestibles
 c - 9 rations


   Skills:
 - Level 1.1 Fighting
 - Level 1.7 Dodging
 + Level 5.5 Unarmed Combat
 + Level 2.5 Spellcasting
 * Level 7.0 Transmutations


You had 5 spell levels left.
You knew the following spells:

 Your Spells              Type           Power        Failure   Level  Hunger
a - Beastly Appendage     Tmut           ###...       5%          1    #......
b - Sticks to Snakes      Tmut           ###.....     8%          2    ###....
c - Spider Form           Tmut/Pois      ##........   32%         3    ###....


Dungeon Overview and Level Annotations

Branches:
Dungeon (5/15)             Temple (1/1) D:4

Altars:
Ashenzari
Cheibriados
Gozag
Kikubaaqudgha
Makhleb
Nemelex Xobeh
Okawaru
Qazlal
Sif Muna
Vehumet
Xom
Zin
Lugonu

Shops:
D:4 [


Innate Abilities, Weirdness & Mutations

((You can breathe waves of freezing cold.))
((You can buffet flying creatures when you breathe cold.))
((Your icy white scales are hard. (AC +6)))
You cannot fit into any form of body armour.
((Your flesh is cold resistant. (rC+)))
((You are cold-blooded and may be slowed by cold attacks.))


Message History

An ogre comes into view. It is wielding a giant spiked club.
The ogre moves out of view.
The ogre is too close now for your liking.
Casting: Beastly Appendage
Confirm with . or Enter, or press ? or * to list all spells.
You turn into a venomous arachnid creature.
Your +0 pair of gloves melds into your body.
Your +0 pair of boots melds into your body.
The ogre barely misses you.
You bite the ogre!
The ogre is poisoned.
The ogre is moderately wounded.
You bite the ogre!
The ogre is severely wounded.
The ogre hits you with a giant spiked club!!
Ouch! That really hurt!
You bite the ogre!
The ogre looks as sick as possible!
The ogre is almost dead.
The ogre hits you with a giant spiked club!!
Ouch! That really hurt!
You die...

. #...... #..#. #.....#
#..#.# #.....# ..#.# #.....#
.... #.....# ... #.....#
###### #.# #O....#
#....###.# #s# #....+....
#.#######....###.#
##.......+<...'....
#........#....###..
+........'...## #..
#........###.# #..
########## #.## #.. #..# #..
#####################..###.#


You could see an ogre.

Vanquished Creatures
  3 ogres (D:3)
  A big kobold (D:5)
  A howler monkey (D:4)
  An orc priest (D:4)
  A hound (D:4)
  A centaur skeleton (D:4)
  Jessica (D:2)
  An orc wizard (D:4)
  Natasha (D:3)
  A worker ant (D:4)
  10 adders
  An ooze (D:4)
  An adder skeleton (D:4)
  An adder zombie (D:1)
  A worm (D:4)
  A dart slug (D:3)
  2 leopard geckos
  10 orcs
  A bat zombie (D:1)
  2 giant cockroaches
  5 goblins
  6 hobgoblins
  11 jackals
  12 kobolds
  A quokka (D:3)
  A ball python (D:1)
  8 bats
  8 frilled lizards
  A jackal skeleton (D:4)
  3 rats
98 creatures vanquished.

Vanquished Creatures (collateral kills)
  A worker ant (D:2)
  3 worms
4 creatures vanquished.

Vanquished Creatures (others)
  An orc wizard (D:4)
1 creature vanquished.

Grand Total: 103 creatures vanquished

Notes
Turn   | Place    | Note
-------+----------+-------------------------------------------
     0 | D:1      | Loge the Draconian Transmuter began the quest for the Orb.
     0 | D:1      | Reached XP level 1. HP: 16/16 MP: 3/3
    69 | D:1      | Reached XP level 2. HP: 23/23 MP: 3/5
    80 | D:1      | Learned a level 2 spell: Sticks to Snakes
   593 | D:1      | Reached skill level 3 in Transmutations
  1035 | D:2      | Reached XP level 3. HP: 28/28 MP: 3/6
  1054 | D:2      | Learned a level 3 spell: Spider Form
  1464 | D:2      | Noticed Jessica
  1487 | D:2      | Killed Jessica
  1555 | D:2      | Reached XP level 4. HP: 28/35 MP: 1/7
  2091 | D:3      | Reached skill level 4 in Transmutations
  3018 | D:3      | Reached XP level 5. HP: 40/40 MP: 5/8
  3220 | D:3      | Noticed an ogre
  3231 | D:3      | Killed an ogre
  3231 | D:3      | Reached skill level 5 in Transmutations
  3702 | D:3      | Noticed Natasha
  3707 | D:3      | Killed Natasha
  3736 | D:3      | Reached XP level 6. HP: 47/47 MP: 4/9
  4272 | D:3      | Reached skill level 5 in Unarmed Combat
  4272 | D:3      | Reached skill level 6 in Transmutations
  4503 | D:4      | Found Bugefet's Armour Shop.
  4563 | D:4      | Your scales start taking on an icy white colour.
  4563 | D:4      | Reached XP level 7. HP: 39/52 MP: 10/10
  4563 | D:4      | Gained mutation: Your flesh is cold resistant. (rC+) [White Draconian growth]
  4880 | D:4      | Found a shattered altar of Ashenzari.
  5500 | D:4      | Found a staircase to the Ecumenical Temple.
  5509 | Temple   | Entered the Ecumenical Temple
  5627 | Temple   | Became a worshipper of Makhleb the Destroyer
  5693 | D:5      | Entered Level 5 of the Dungeon
  5763 | D:5      | Reached skill level 7 in Transmutations
  6127 | D:5      | Slain by an ogre

Skill      XL: |  1  2  3  4  5  6  7 |
---------------+----------------------+-----
Transmutations | 3 4 5 6 7 |  7.0
Unarmed Combat | 4 5 |  5.5
Fighting       | |  1.1
Dodging        | |  1.7
Spellcasting   | |  2.5

Action                   |  1- 3 |  4- 6 |  7- 9 || total
-------------------------+-------+-------+-------++-------
Melee: Unarmed           |   112 |   176 |    73 ||   361
       Tailslap          |    17 |    12 |     3 ||    32
       Headbutt          |     5 |     7 |    10 ||    22
       Kick              |     9 |     3 |       ||    12
       Punch             |       |     4 |     1 ||     5
 Cast: Beastly Appendage |    17 |    25 |    12 ||    54
       Sticks to Snakes  |     5 |    14 |       ||    19
       Spider Form       |       |     3 |     3 ||     6
 Abil: Breathe Frost     |       |       |     1 ||     1
 Stab: Sleeping          |     1 |       |       ||     1
  Eat: Chunk             |     3 |    11 |     6 ||    20
Armor: Skin              |    39 |    57 |    11 ||   107
Dodge: Dodged            |    76 |    95 |    37 ||   208
